 Dungeon Crawl Stone Soup version 0.18.1-8-gdd0e5ea (webtiles) character file.

137 Stormphoenix the Insei (level 5, -11/41 HPs)
             Began as a Demonspawn Monk on June 12, 2016.
             Mangled by Malvoorn's ghost (14 damage)
             ... on level 3 of the Dungeon.
             The game lasted 00:05:30 (2987 turns).

Stormphoenix the Insei (Demonspawn Monk)            Turns: 2987, Time: 00:05:31

Health: -11/41     AC:  2    Str: 12    XL:     5   Next: 0%
Magic:  5/5        EV: 13    Int: 17    God:
Gold:   121        SH:  0    Dex: 15    Spells: 0 memorised, 4 levels left

rFire  . . .     SeeInvis .       - Unarmed
rCold  . . .     Gourm    .     a - +0 robe
rNeg   . . .     Faith    +     (no shield)
rPois  .         Spirit   .     (no helmet)
rElec  .         Dismiss  .     (no cloak)
rCorr  .         Reflect  .     (no gloves)
SustAt .         Harm     .     (no boots)
MR     .....                    c - amulet of faith
Stlth  ++........               (no ring)
                                (no ring)

@: brilliant, not resistant to hostile enchantments, unstealthy
A: claws 1, demonic guardian 1
a: no special abilities


You were on level 3 of the Dungeon.
You were not hungry.

You visited 1 branch of the dungeon, and saw 3 of its levels.

You collected 121 gold pieces.

Inventory:

Armour
 a - a +0 robe (worn)
Jewellery
 c - an amulet of faith (around neck)
Scrolls
 g - 2 scrolls of identify
 h - a scroll of enchant weapon
Potions
 e - 3 potions of curing
 i - a potion of cancellation
Comestibles
 b - 2 bread rations
 d - 4 chunks of flesh
 f - a meat ration


   Skills:
 - Level 3.0 Fighting
 - Level 2.6 Dodging
 - Level 1.7 Stealth
 + Level 5.7 Unarmed Combat


You had 4 spell levels left.
You didn't know any spells.

Dungeon Overview and Level Annotations

Branches:
Dungeon (3/15)

Altars:
Ashenzari
Gozag
Nemelex Xobeh
Okawaru
Pakellas
Yredelemnul

Annotations:
D:3 Malvoorn's ghost, novice TrMo


Innate Abilities, Weirdness & Mutations

You have sharp fingernails.
A weak demonic guardian rushes to your aid.


Message History

Your quasit claws Malvoorn's ghost but does no damage. x2
Malvoorn's ghost hits you!
* * * LOW HITPOINT WARNING * * *
Your quasit closely misses Malvoorn's ghost.
Your quasit claws Malvoorn's ghost but does no damage.
Your quasit claws Malvoorn's ghost.
Your quasit bites Malvoorn's ghost.
Your quasit barely misses Malvoorn's ghost.
Your quasit claws Malvoorn's ghost but does no damage.
Your quasit misses Malvoorn's ghost.
Your quasit claws Malvoorn's ghost.
Your quasit closely misses Malvoorn's ghost.
Your quasit barely misses Malvoorn's ghost.
Your quasit claws Malvoorn's ghost.
Your quasit closely misses Malvoorn's ghost.
Your quasit disappears in a puff of smoke!
Your quasit closely misses Malvoorn's ghost.
Your quasit barely misses Malvoorn's ghost.
Your quasit claws Malvoorn's ghost but does no damage.
Malvoorn's ghost hits you!
You die...

.... #..##..#.....
.......#..##.....#
.................####.
.......##...........$.
.......#.g...#..#####. ...
.......#.#l.§#......#
................#...####.#
...............W5.##..
.##...###....@......#
##.....#..........##....
##............?......##..
#...........>...#.##.# .
#.................# ...
#.................. ...
##................... ...
#......†.÷.......#....
#.............[.....


You could see Malvoorn's ghost, a giant gecko, a hobgoblin and a friendly
quasit.

Vanquished Creatures
  Ijyb (D:2)
  4 adders
  2 oozes (D:2)
  2 worms (D:2)
  2 dart slugs (D:2)
  2 giant geckos (D:2)
  5 giant cockroaches
  6 goblins
  6 hobgoblins
  6 jackals (D:1)
  6 kobolds
  2 ball pythons (D:2)
  3 bats (D:2)
  11 rats
58 creatures vanquished.

Notes
Turn   | Place    | Note
--------------------------------------------------------------
     0 | D:1      | Stormphoenix the Demonspawn Monk began the quest for the Orb.
     0 | D:1      | Reached XP level 1. HP: 18/18 MP: 1/1
   215 | D:1      | Reached skill level 4 in Unarmed Combat
   407 | D:1      | Gained mutation: You have sharp fingernails. [demonic ancestry]
   407 | D:1      | Reached XP level 2. HP: 24/24 MP: 2/2
   876 | D:2      | Reached XP level 3. HP: 29/29 MP: 3/3
   912 | D:2      | Found a shattered altar of Ashenzari.
   943 | D:2      | Found a basalt altar of Yredelemnul.
  1282 | D:2      | Found an iron altar of Okawaru.
  1465 | D:2      | Noticed Ijyb
  1466 | D:2      | Found an oddly glowing altar of Pakellas.
  1474 | D:2      | Killed Ijyb
  1474 | D:2      | Reached skill level 5 in Unarmed Combat
  1474 | D:2      | Reached XP level 4. HP: 32/35 MP: 4/4
  1940 | D:2      | Found an opulent altar of Gozag.
  1940 | D:2      | Found a sparkling altar of Nemelex Xobeh.
  2051 | D:2      | Found a faded altar to an unknown god.
  2317 | D:3      | Noticed Malvoorn's ghost (novice TrMo)
  2960 | D:3      | Gained mutation: A weak demonic guardian rushes to your aid. [demonic ancestry]
  2960 | D:3      | Reached XP level 5. HP: 32/41 MP: 5/5
  2979 | D:3      | HP: 2/41 [Malvoorn's ghost (17)]
  2987 | D:3      | Mangled by Malvoorn's ghost

Skill      XL: |  1  2  3 |
---------------+----------+-----
Unarmed Combat | 4 5 |  5.7
Fighting       | |  3.0
Dodging        | |  2.6
Stealth        | |  1.7

Action                   |  1- 3 |  4- 6 || total
-------------------------+-------+-------++-------
Melee: Unarmed           |   106 |    74 ||   180
       Punch             |     4 |     1 ||     5
  Use: Scroll            |     3 |     2 ||     5
       Potion            |     2 |     3 ||     5
 Stab: Sleeping          |     5 |     6 ||    11
  Eat: Chunk             |     2 |     2 ||     4
       Meat ration       |       |     1 ||     1
Armor: Robe              |    12 |     3 ||    15
Dodge: Dodged            |    61 |    41 ||   102
